 Dungeon Crawl Stone Soup version 0.32-a0-999-gfa1cc04b1d (webtiles) character file.

Game seed: 16995205389176289883

21 Arex the Ruffian (level 2, -4/21 HPs)
             Began as a Human Shapeshifter on Apr 25, 2024.
             Slain by Terence
             ... wielding a +0 trident
              (5 damage)
             ... on level 2 of the Dungeon.
             The game lasted 00:01:38 (608 turns).

Arex the Ruffian (Human Shapeshifter)                Turns: 608, Time: 00:01:39

Health: -4/21      AC:  2    Str: 14    XL:     2   Next: 87%
Magic:  2/2        EV: 11    Int: 10    God:
Gold:   42         SH:  0    Dex: 12    Spells: 1/1 levels left

rFire   . .          .
                       - Unarmed
rCold   . . .        (no shield)
rNeg    . . .        a - +0 animal skin
rPois   .            (helmet currently unavailable)
rElec   .            (cloak currently unavailable)
rCorr   .            (gloves currently unavailable)
SInv    .            (boots currently unavailable)
Will    .....        m - amulet of faith
Stlth   +            (no ring)
HPRegen 0.23/turn    (no ring)
MPRegen 0.08/turn

%: faith
@: beast-form
A: beast (slay +1), explore regen
a: Begin Untransformation


You were on level 2 of the Dungeon.
You were a hulking beast.
You visited 1 branch of the dungeon, and saw 2 of its levels.

You collected 42 gold pieces.

Inventory:

Missiles
 j - 2 throwing nets (quivered)
Armour
 a - a +0 animal skin (worn)
Jewellery
 m - an amulet of faith (around neck)
Talismans
 c - a beast talisman (active)
 d - a flux talisman
Scrolls
 e - 3 scrolls of teleportation
 g - 2 scrolls of noise
 l - a scroll of blinking
Potions
 b - a potion of lignification
 h - a potion of curing {unknown}
 i - a potion of berserk rage
 k - a potion of might {unknown}


   Skills:
 + Level 1.5 Fighting
 + Level 2.3 Dodging
 + Level 3.2 Unarmed Combat
 + Level 3.2 Shapeshifting


You had one spell level left.
You didn't know any spells.
Your spell library contained the following spells:

 Spells                   Type           Power      Damage    Failure   Level
 Ensorcelled Hibernation  Hex/Ice        0%         N/A       50%         2
 Passwall                 Erth           0%         N/A       75%         3
 Swiftness                Air            0%         N/A       75%         3


Dungeon Overview and Level Annotations

Branches:
Dungeon (2/15)

Altars:

Annotations:
D:2 Terence


Innate Abilities, Weirdness & Mutations

You are a hulking beast.
Your limbs bulge with bestial killing power. (Slay +1)
You regain HP and MP as you explore.


Message History

You are too injured to fight recklessly!
You are too injured to fight recklessly!
You are too injured to fight recklessly!
You are too injured to fight recklessly!
You are too injured to fight recklessly!
You are too injured to fight recklessly!
You are too injured to fight recklessly!
You are too injured to fight recklessly!
You are too injured to fight recklessly!
You are too injured to fight recklessly!
You are too injured to fight recklessly!
You are too injured to fight recklessly!
You are too injured to fight recklessly!
Terence hits you from afar with a +0 trident.
The giant cockroach attacks as it pursues you!
The giant cockroach bites you. x2
Terence attacks as he pursues you! Terence misses you.
Terence attacks as he pursues you! Terence barely misses you.
The giant cockroach attacks as it pursues you!
The giant cockroach closely misses you.
Terence asks, "Do you want it fast or slow?"
Terence attacks as he pursues you! Terence closely misses you.
You hit the giant cockroach but do no damage.
The giant cockroach misses you.
Terence hits you from afar with a +0 trident.
You punch the giant cockroach!
You kill the giant cockroach!
Terence hits you from afar with a +0 trident!
* * * LOW HITPOINT WARNING * * *
Terence hits you with a +0 trident.
* * * LOW HITPOINT WARNING * * *
You see here a giant cockroach corpse.
You hit Terence but do no damage.
Terence is heavily wounded.
Terence misses you.
You barely miss Terence.
Terence is heavily wounded.
Terence hits you with a +0 trident.
You die...
Terence says, "Rest in peace."

### #.#
#.#####.#
#.......#
#.# #h#
#@####
#K...#
#<...##.#
##......#
+......#
#......#
#......#
.........


You could see Terence and a kobold.

Vanquished Creatures
  2 endoplasms (D:1)
  A giant cockroach (D:2)
  3 hobgoblins (D:1)
  3 kobolds (D:1)
  A quokka (D:1)
  3 ball pythons (D:1)
  4 goblins (D:1)
  A rat (D:1)
18 creatures vanquished.

Notes
Turn   | Place    | Note
-------+----------+-------------------------------------------
     0 | D:1      | Arex the Human Shapeshifter began the quest for the Orb.
     0 | D:1      | Reached XP level 1. HP: 15/15 MP: 1/1
   116 | D:1      | Reached XP level 2. HP: 18/21 MP: 2/2
   592 | D:2      | Noticed Terence
   606 | D:2      | HP: 1/21 [Terence/+0 trident (2)]
   608 | D:2      | Slain by Terence

Illustrated notes

Levels and vault maps discovered:
D:1:      dpeg_arrival_erosion, layout_rooms, minmay_close_crescents
D:2:      layout_basic, nicolae_the_louvre, uniq_terence

Action                     || total
---------------------------++-------
  Melee: Unarmed           ||    44
         Punch             ||     1
    Use: Scroll            ||     4
 Armour: Animal skin       ||    26
  Dodge: Dodged            ||    32

Table legend: (Time is in decaauts)
 A = Elapsed time spent in this place.
 B = Non-inter-level travel time spent in this place.
 C = Inter-level travel time spent in this place.
 D = Time resting spent in this place.
 E = Time spent auto-exploring this place.
 F = Levels seen in this place.
 G = Mean time per level.
                   A        B        C        D        E       F      G
               +--------+--------+--------+--------+--------+-----+--------+
         Total |    605 |    594 |     11 |     16 |    438 |   2 |  302.5 |
       Dungeon |    605 |    594 |     11 |     16 |    438 |   2 |  302.5 |
               +--------+--------+--------+--------+--------+-----+--------+

Top non-repeatable levels by time:
     D:1: 589 daAuts
     D:2: 15 daAuts
